 Dungeon Crawl Stone Soup version 0.29.1-15-g9cfb28693d (webtiles) character file.

Game seed: 15748708029268736687

49 Barneous the Trooper (level 3, -4/33 HPs)
             Began as a Draconian Wanderer on Mar 24, 2023.
             Slain by a gnoll
             ... wielding a +0 halberd
              (11 damage)
             ... on level 2 of the Dungeon.
             The game lasted 00:02:50 (1120 turns).

Barneous the Trooper (Draconian Wanderer)           Turns: 1120, Time: 00:02:51

Health: -4/33      AC:  6    Str: 16    XL:     3   Next: 51%
Magic:  3/3        EV: 11    Int: 11    God:
Gold:   47         SH:  0    Dex: 11    Spells: 2/2 levels left

rFire   . . .      SeeInvis .   a - +2 falchion
rCold   . . .      Faith    .   (no shield)
rNeg    . . .      Spirit   .   (body armour unavailable)
rPois   .          Reflect  .   (helmet restricted)
rElec   .          Harm     .   (no cloak)
rCorr   .          Rampage  .   (no gloves)
Will    .....                   f - +0 pair of boots
Stlth   ++........              (no amulet)
HPRegen 0.11/turn               (no ring)
MPRegen 0.08/turn               (no ring)

@: no status effects
A: AC +5, unfitting armour, cold-blooded
a: no special abilities


You were on level 2 of the Dungeon.
You visited 1 branch of the dungeon, and saw 2 of its levels.

You collected 47 gold pieces.

Inventory:

Hand Weapons
 a - a +2 falchion (weapon)
 b - a +0 sling
Missiles
 c - 8 boomerangs (quivered)
Armour
 f - a +0 pair of boots (worn)
Potions
 d - a potion of resistance
 e - a potion of curing


   Skills:
 + Level 3.7 Fighting
 + Level 2.5 Long Blades
 + Level 1.8 Ranged Weapons
 + Level 1.9 Throwing
 * Level 0.9 Dodging
 * Level 1.6 Stealth
 * Level 0.9 Unarmed Combat


You had 2 spell levels left.
You didn't know any spells.
Your spell library was empty.

Dungeon Overview and Level Annotations

Branches:
Dungeon (2/15)

Altars:

Shops:
D:1 *


Innate Abilities, Weirdness & Mutations

Your plain brown scales are hard. (AC +5)
You cannot fit into any form of body armour.
You are cold-blooded and may be slowed by cold attacks.


Message History

The gnoll barely misses you.
A gnoll comes into view. It is wielding a +0 spear.
Found 2 stones.
The gnoll shouts!
You hear an angry hiss.
The gnoll closely misses you.
A ball python comes into view.
You barely miss the gnoll.
The ball python hisses angrily.
The gnoll hits you with a +0 halberd. x2
You aren't carrying any scrolls.
Okay, then.
You slash the gnoll!
The gnoll is severely wounded.
A quokka comes into view.
A kobold comes into view. It is wielding a +0 dagger.
The kobold shouts!
You hit the gnoll.
The gnoll is heavily wounded.
You hear an angry hiss. x2
The gnoll hits you but does no damage.
An adder comes into view.
You hit the gnoll. You tail-slap the gnoll.
The gnoll is almost dead.
The gnoll hits you from afar with a +0 spear.
The gnoll hits you but does no damage.
The hobgoblin hits you but does no damage.
The gnoll hits you with a +0 flail.
You hit the gnoll.
You kill the gnoll!
The gnoll closely misses you. The hobgoblin hits you.
The gnoll hits you with a +0 halberd.
* * * LOW HITPOINT WARNING * * *
You feel better. The gnoll hits you but does no damage.
The hobgoblin barely misses you. The gnoll barely misses you.
You barely miss the gnoll.
The gnoll is heavily wounded.
The gnoll hits you from afar with a +0 spear.
* * * LOW HITPOINT WARNING * * *
The hobgoblin closely misses you. The gnoll hits you with a +0 halberd!
You die...

... ..# . ..##(
#.#.#.# #.# ###K...
#.#.#.# #.# .##.S..#
##.....###.##.##Srg.
....#...##.##.##gg#
#......##.##.##@)#
#.#.#..##.##.##..#
#.†.......##.##..#####
#>.........$.)........
#....†####$.....###.#.
####..##.............
#...........[....#
###########.......
########


You could see 2 gnolls, an adder, a quokka, a hobgoblin, a ball python and a
kobold.

Vanquished Creatures
  2 gnolls
  3 dart slugs
  A ball python (D:1)
  4 endoplasms
  3 goblins (D:1)
  2 hobgoblins
  2 quokkas (D:1)
  A bat (D:1)
  3 frilled lizards (D:1)
  A kobold (D:1)
  A rat (D:1)
23 creatures vanquished.

Notes
Turn   | Place    | Note
-------+----------+-------------------------------------------
     0 | D:1      | Barneous the Draconian Wanderer began the quest for the
                  | Orb.
     0 | D:1      | Barneous set off with the following items: a +2 falchion, a
                  | +0 sling, 8 boomerangs, a +0 dagger, a potion of curing.
     0 | D:1      | Reached XP level 1. HP: 19/19 MP: 1/1
   112 | D:1      | Reached XP level 2. HP: 26/26 MP: 2/2
   580 | D:1      | Found a faded altar of an unknown god.
   657 | D:1      | Reached XP level 3. HP: 33/33 MP: 3/3
   716 | D:1      | Found Beyzav's Assorted Antiques.
  1120 | D:2      | Slain by a gnoll

Illustrated notes

Levels and vault maps discovered:
D:1:      minmay_arrival_split_and_join, layout_rooms, serial_shops,
          nicolae_shop_waterfront, shapermc_ecumenical_altar_ellora
D:2:      layout_loops_ring, serial_shops, nicolae_shop_trees

Action                   || total
-------------------------++-------
Melee: Falchion          ||    60
       Tailslap          ||     8
Throw: Boomerang         ||     2
  Use: Potion            ||     3
       Scroll            ||     1
 Stab: Sleeping          ||     1
Armor: Skin              ||    18
Dodge: Dodged            ||    42
